 Dungeon Crawl Stone Soup version 0.26.1-10-gdfb7c7de75 (webtiles) character file.

Game seed: 5130482859227547462

954 Electrofox the Shield-Bearer (level 7, -4/56 (57) HPs)
             Began as a Minotaur Fighter on Apr 6, 2021.
             Slain by a wight
             ... wielding a +0 trident
              (9 damage)
             ... on level 6 of the Dungeon.
             The game lasted 00:22:25 (5817 turns).

Electrofox the Shield-Bearer (Minotaur Fighter)     Turns: 5817, Time: 00:22:25

HP:   -4/56 (57)    AC:  6    Str: 20    XL:     7   Next: 91%
MP:   15/15         EV:  8    Int:  7    God:
Gold: 188           SH:  0    Dex: 10    Spells: 6/6 levels left

rFire    . . .     SeeInvis .   a - +0 morningstar
rCold    . . .     Faith    .   c - +1 kite shield
rNeg     . . .     Spirit   .   o - +0 scale mail
rPois    .         Reflect  .   (helmet restricted)
rElec    .         Harm     .   (no cloak)
rCorr    .         Rampage  .   (no gloves)
Will     .....                  (no boots)
Stlth    ..........             (no amulet)
HPRegen  0.18/turn              m - ring of magical power
MPRegen  0.14/turn              (no ring)

@: confused, lightly drained
A: retaliatory headbutt, horns 2
a: no special abilities


You were on level 6 of the Dungeon.
You visited 1 branch of the dungeon, and saw 6 of its levels.

You collected 188 gold pieces.

Inventory:

Hand Weapons
 a - a +0 morningstar (weapon)
 b - a +0 hunting sling
 u - a +2 spear of pain
 B - the +2 dagger "Cakhak" {holy, Str+2, unknown}
   (You found it on level 5 of the Dungeon)

   It has been blessed by the Shining One to cause great damage to the undead
   and demons.
   It affects your strength (+2).
Missiles
 r - 72 sling bullets
Armour
 c - a +1 kite shield (worn)
 e - the +3 ring mail of the Tarantula {rElec rC+ Str-3 SInv, unknown}
   (You found it on level 4 of the Dungeon)

   It affects your strength (-3).
   It protects you from cold.
   It insulates you from electricity.
   It lets you see invisible.
 g - a +0 chain mail
 o - a +0 scale mail (worn)
Jewellery
 m - a ring of magical power (left hand)
 s - a cursed +6 ring of strength {unknown}
Wands
 A - a wand of polymorph (7)
Scrolls
 f - 2 scrolls of random uselessness {unknown}
 h - 2 scrolls of enchant armour
 i - 2 scrolls of remove curse {unknown}
 k - 5 scrolls of teleportation
 n - 2 scrolls of blinking {unknown}
 w - a scroll of amnesia {unknown}
 x - a scroll of magic mapping {unknown}
 y - 2 scrolls of enchant weapon {unknown}
Potions
 d - 2 potions of might
 j - 2 potions of haste
 l - 3 potions of curing
 p - 2 potions of flight
 q - 2 potions of berserk rage
 t - 2 potions of mutation
 v - 3 potions of brilliance
 z - a potion of lignification


   Skills:
 - Level 3.6 Fighting
 - Level 6.9(7.9) Axes
 * Level 5.9(7.4) Maces & Flails
 - Level 3.6 Armour
 + Level 7.2 Shields


You had 6 spell levels left.
You didn't know any spells.
Your spell library contained the following spells:

 Spells                   Type           Power        Failure   Level
 Animate Skeleton         Necr           0%           98%         1
 Apportation              Tloc           0%           98%         1
 Corona                   Hex            0%           98%         1
 Summon Small Mammal      Summ           0%           98%         1


Dungeon Overview and Level Annotations

Branches:
Dungeon (6/15)
 Temple: D:4-7

Altars:


Innate Abilities, Weirdness & Mutations

You reflexively headbutt those who attack you in melee.
You have a pair of horns on your head.


Message History

The adder bites you.
You are too confused!
You barely miss the wight. Your headbutt misses the wight.
The wight is severely damaged.
The wight hits you with a cursed +0 flail!
You hear some strange, mumbled words.
A puff of flame appears from out of thin air!
The puff of flame hits you!
* * * LOW HITPOINT WARNING * * *
The adder barely misses you.
The wight hits you from afar with a +0 trident!
* * * LOW HITPOINT WARNING * * *
You feel drained.
* * * LOW HITPOINT WARNING * * *
You puncture the wight!
You destroy the wight!
The adder bites you but does no damage. Something hits you.
* * * LOW HITPOINT WARNING * * *
The wight hits you from afar with a +0 trident!
You die...

#.... #...........
##....##...........
...................
........##.........
....$..##.........
..................
##....z.........
#..s{.(...#...#
#..@S.....# ..#
#....(...?....+
#.[...........
#<....####....:
#####.# ..... #.#
)..#) #.# .. .. #


You could see a scorpion, a wight and an adder.

Vanquished Creatures
  An ice beast (D:5)
  An ogre (D:5)
  A centaur (D:5)
  A scorpion (D:5)
  2 wights (D:6)
  A howler monkey (D:6)
  A bullfrog zombie (D:5)
  7 orc wizards
  2 hounds (D:5)
  2 orc priests
  A bullfrog skeleton (D:6)
  A worker ant (D:5)
  5 adders
  A gnoll (D:1)
  A white imp (D:5)
  2 ufetubi (D:5)
  2 oozes
  A worm (D:2)
  3 dart slugs
  3 leopard geckos (D:2)
  10 orcs
  2 ball pythons (D:3)
  5 giant cockroaches
  7 goblins
  6 hobgoblins
  12 jackals
  8 kobolds
  A quokka (D:5)
  9 bats
  6 frilled lizards
  A jackal zombie (D:5)
  A leopard gecko skeleton (D:3)
  14 rats
121 creatures vanquished.

Notes
Turn   | Place    | Note
-------+----------+-------------------------------------------
     0 | D:1      | Electrofox the Minotaur Fighter began the quest for the
                  | Orb.
     0 | D:1      | Reached XP level 1. HP: 19/19 MP: 0/0
    14 | D:1      | Noticed a minotaur skeleton
   106 | D:1      | Reached XP level 2. HP: 24/26 MP: 1/1
   324 | D:1      | Reached skill level 4 in Shields
   443 | D:1      | Reached XP level 3. HP: 31/31 MP: 2/2
  1325 | D:2      | Reached XP level 4. HP: 38/39 MP: 3/3
  1764 | D:3      | Reached skill level 5 in Axes
  1772 | D:3      | Reached XP level 5. HP: 38/45 MP: 4/4
  1995 | D:1      | Reached skill level 5 in Shields
  2808 | D:3      | Reached XP level 6. HP: 51/51 MP: 5/5
  3206 | D:4      | Got a shimmering ring mail
  3343 | D:4      | Reached skill level 1 in Maces & Flails
  4103 | D:5      | Entered Level 5 of the Dungeon
  4145 | D:5      | Reached skill level 6 in Shields
  4540 | D:5      | Got a brightly glowing dagger
  4722 | D:5      | Reached XP level 7. HP: 29/57 MP: 6/6
  5336 | D:5      | Reached skill level 5 in Maces & Flails
  5601 | D:6      | Reached skill level 7 in Shields
  5817 | D:6      | Slain by a wight

Illustrated notes

Levels and vault maps discovered:
D:1:      shiori_arrival_whats_in_store_for_you, layout_basic
D:2:      layout_rooms, dk_noncrumbling_3, corner_web_ring
D:3:      layout_loops_ring
D:4:      cheibrodos_old_hovel, layout_basic
D:5:      layout_basic
D:6:      layout_basic, grunt_temple_overflow_open,
          nicolae_overflow_hidden_temple, minmay_temple_entry_offerings,
          minmay_shop_damaged, uniq_menkaure

Skill      XL: |  1  2  3  4  5  6  7 |
---------------+----------------------+-----
Axes           | 3 4 5 6 |  6.9
Shields        | 4 5 6 7 |  7.2
Maces & Flails | 3 5 |  5.9
Fighting       | |  3.6
Armour         | |  3.6

Action                   |  1- 3 |  4- 6 |  7- 9 || total
-------------------------+-------+-------+-------++-------
Melee: War axe           |    88 |    98 |       ||   186
       Headbutt          |    11 |    19 |    12 ||    42
       Morningstar       |       |    45 |    50 ||    95
 Fire: Hunting sling     |       |    50 |     8 ||    58
  Use: Scroll            |       |    10 |     1 ||    11
       Potion            |       |     1 |       ||     1
Armor: Scale mail        |    42 |    62 |    23 ||   127
Dodge: Dodged            |    22 |    42 |    17 ||    81
Block: Kite shield       |    43 |    69 |    29 ||   141
